 Dungeon Crawl Stone Soup version 0.30-a0-373-gd37427bb62 (webtiles) character file.

Game seed: 1935452915571215412

39 sanka the Chopper (level 3, 0/27 HPs)
             Began as a Demonspawn Reaver on Nov 23, 2022.
             Slain by a dart slug (3 damage)
             ... on level 2 of the Dungeon.
             The game lasted 00:01:26 (781 turns).

sanka the Chopper (Demonspawn Reaver)                Turns: 781, Time: 00:01:27

Health: 0/27       AC:  3    Str: 14    XL:     3   Next: 26%
Magic:  6/6        EV: 11    Int: 14    God:
Gold:   82         SH:  0    Dex: 11    Spells: 5/6 levels left

rFire   . . .      SeeInvis .    a - +0 hand axe
rCold   . . .      Faith    .    (no shield)
rNeg    . . .      Spirit   .    b - +0 leather armour
rPois   .          Reflect  .    (no helmet)
rElec   .          Harm     .    (no cloak)
rCorr   .          Rampage  .    (no gloves)
Will    .....                    (no boots)
Stlth   +.........               (no amulet)
HPRegen 0.24/turn                (no ring)
MPRegen 0.20/turn                (no ring)

@: no status effects
A: powered by pain 1, magic regeneration
a: no special abilities


You were on level 2 of the Dungeon.
You visited 1 branch of the dungeon, and saw 2 of its levels.

You collected 82 gold pieces.


Innate Abilities, Weirdness & Mutations

You sometimes gain a little power by taking damage.
You regenerate magic rapidly.


   Skills:
 - Level 2.0 Fighting
 + Level 4.0 Axes
 - Level 1.7 Dodging
 - Level 2.0 Spellcasting
 - Level 3.0 Conjurations


You had 5 spell levels left.
You knew the following spells:

 Your Spells              Type           Power      Damage    Failure   Level
y - Kiss of Death         Conj/Necr      20%        2d7       16%         1

Your spell library contained the following spells:

 Spells                   Type           Power      Damage    Failure   Level
 Momentum Strike          Conj/Tloc      10%        3d8       24%         2
 Hailstorm                Conj/Ice       5%         3d4       43%         3
 Tukima's Dance           Hex            1%         N/A       65%         3
 Passage of Golubria      Tloc           1%         N/A       96%         4
 Yara's Violent Unravell  Hex/Tmut       0%         3d3       100%        5

Inventory:

Hand Weapons
 a - a +0 hand axe (weapon)
Armour
 b - a +0 leather armour (worn)
Scrolls
 c - 2 scrolls of poison {unknown}
 d - a scroll of brand weapon {unknown}
 e - a scroll of identify {unknown}
 g - a scroll of amnesia {unknown}
 h - a scroll of fear {unknown}
Potions
 f - a potion of might {unknown}
 i - a potion of haste {unknown}
 j - a potion of heal wounds {unknown}

Dungeon Overview and Level Annotations

Branches:
Dungeon (2/15)

Altars:

▒.... ...▒. ▒...▒ ▒....
▒.†.. ▒▒ .... ▒.... ...
... ▒▒▒▒.... ..▒..▒▒▒
......... ..... +
.........
▒▒▒▒▒▒Sw▒▒.▒............
......†6.......▒.......▒
..▒▒▒▒▒.▒▒.....▒........
▒.▒▒▒ ▒▒▒▒▒▒▒▒▒▒.▒
▒...▒▒▒... ..▒
▒▒▒▒▒▒▒..▒▒.▒▒▒▒ ▒▒
................
▒▒▒▒▒▒▒▒.▒▒.▒... ▒..▒.▒
▒▒.▒.▒


You could see an adder and a dart slug.


Message History

The adder is almost dead.
You hit the dart slug but do no damage.
You feel sick.
You are no longer poisoned.
The adder closely misses you. The adder bites you.
* * * LOW HITPOINT WARNING * * *
The dart slug bites you.
* * * LOW HITPOINT WARNING * * *
You miss the adder.
The adder is almost dead.
You hit the dart slug. The adder bites you.
* * * LOW HITPOINT WARNING * * *
Unknown command.
You closely miss the adder.
The adder is almost dead.
You barely miss the dart slug. The adder barely misses you.
The dart slug launches a dart at you. The slug dart hits you.
* * * LOW HITPOINT WARNING * * *
The adder closely misses you.
Unknown command.
You hit the adder but do no damage.
The adder is almost dead.
You hit the dart slug. The adder closely misses you. The dart slug bites you.
You die...

Action                   || total
-------------------------++-------
Melee: Hand axe          ||   111
Armor: Leather armour    ||    44
Dodge: Dodged            ||   106

Levels and vault maps discovered:
D:1:      dpeg_arrival_long_road, layout_rooms
D:2:      layout_basic

Notes
Turn   | Place    | Note
-------+----------+-------------------------------------------
     0 | D:1      | sanka the Demonspawn Reaver began the quest for the Orb.
     0 | D:1      | Reached XP level 1. HP: 16/16 MP: 3/3
    35 | D:1      | Reached skill level 3 in Axes
   113 | D:1      | Gained mutation: You regenerate magic rapidly. [demonic
                  | ancestry]
   113 | D:1      | Reached XP level 2. HP: 21/22 MP: 5/5
   564 | D:2      | Gained mutation: You sometimes gain a little power by
                  | taking damage. [demonic ancestry]
   564 | D:2      | Reached XP level 3. HP: 25/27 MP: 6/6
   773 | D:2      | Reached skill level 4 in Axes
   781 | D:2      | Slain by a dart slug

Vanquished Creatures
  2 endoplasms (D:1)
  3 giant cockroaches (D:1)
  2 goblins (D:1)
  4 hobgoblins
  2 jackals (D:2)
  4 kobolds
  A quokka (D:1)
  5 ball pythons
  4 bats
  A frilled lizard (D:1)
  7 rats (D:1)
35 creatures vanquished.
